 Dungeon Crawl Stone Soup version 0.01-2087-gb5e28fc70b (webtiles) character file.

Game seed: 10240677479286827464, levelgen mode: deterministic

517 Lanoc the Whippersnapper (level 7, -17/47 HPs) Lignifite Demonspawn. Began on May 29, 2020. Demolished by Joseph ... wielding a +0 quarterstaff (21 damage) ... on level 3 of the Dungeon. The game lasted 00:07:05 (2412 turns).

Lanoc the Whippersnapper (Lignifite Demonspawn)     Turns: 2412, Time: 00:07:06

Health: -17/47     AC:  1    Str: 25    XL:     7 ^: 687
Magic:  11/11      EV: 18    Int: 13    God:
Gold:   177        SH:  3    Dex:  9    Spells: 9/10 levels left

rFire    x . .     Vision   .   a - +0 flail
rCold    . . .     Gourm    .   (weapon restricted)
rNeg     . . .     Faith    .   b - +0 robe
rPois    +         Spirit   .   (helmet restricted)
rElec    .         Reflect  .   (no cloak)
rCorr    .         Harm     .   (gloves unavailable)
MR       .....                  (boots unavailable)
Stlth    ++........             (no amulet)
HPRegen  0.25/turn              (no ring)
MPRegen  0.21/turn              (no ring)

@: mighty, quick
A: small, rF-, horns 1, repulsion field 2, deformed body, speed 1, poison
resistance, powered by death 1, slow metabolism 1, torment resistance, plant,
rot immunity
a: no special abilities


You were on level 3 of the Dungeon.
You were hungry.

You visited 1 branch of the dungeon, and saw 4 of its levels.

You collected 177 gold pieces.

Inventory:

Weapons
 a - a +0 flail (weapon)
 q - a +0 giant club
Armour
 b - a +0 robe (worn)
Scrolls
 c - 4 scrolls of fear
 g - a scroll of magic mapping
 j - a scroll of enchantment
 l - a scroll of amnesia
 m - a scroll of fog
 o - 6 scrolls of teleportation
Potions
 e - 2 potions of cancellation
 h - a potion of brilliance
 i - a potion of agility
 k - 3 potions of curing
 n - a potion of resistance
 p - a potion of magic
 r - a potion of heal wounds
Comestibles
 d - 8 rations


   Skills:
 + Level 3.8 Fighting
 * Level 5.6 Whips & Flails
 + Level 4.0 Dodging
 - Level 1.7 Stealth
 - Level 2.1 Spellcasting
   Level 3.0 Invocations


You had 9 spell levels left.
You knew the following spells:

 Your Spells              Type           Power        Failure   Level  Hunger
a - Flame Tongue          Fire           1 (40)       26%         1    ##.....

Your spell library contained the following spells:

 Spells                   Type           Power        Failure   Level  Hunger
 Blink                    Tloc           N/A          36%         2    ###....
 Call Imp                 Summ           1 (100)      36%         2    ###....
 Slow                     Hex            1 (100)      36%         2    ###....
 Conjure Flame            Fire           1 (100)      58%         3    ####...
 Mephitic Cloud           Pois/Air       1 (100)      58%         3    ####...


Dungeon Overview and Level Annotations

Branches:
Dungeon (4/8)
 Temple: D:4

Altars:
Dithmenos
Qazlal

Annotations:
D:3 Joseph


Innate Abilities, Weirdness & Mutations

Your woody flesh burns easily. (rF-)
A tangle of shorter branches protects your body from attack. (+3 SH)
You are small and have problems with some larger weapons.
You have a pair of small horns on your head.
You are surrounded by a moderate repulsion field. (EV +3)
Armour fits poorly on your strangely shaped body.
You cover ground quickly.
Your system is resistant to poisons. (rPois)
You regenerate a little health from kills.
You have a slow metabolism.
You are immune to unholy pain and torment.
You require very little carbon dioxide to survive.
You are immune to rotting.


Message History

An ogre and Joseph come into view.
The ogre shouts!
Joseph shouts!
There is a stone staircase leading up here.
Joseph misses you (0).
You climb upwards.
There is a stone staircase leading down here.
You feel very mighty all of a sudden.
You sock Joseph (7)!
Joseph is lightly wounded. (58/65) HP You hit Joseph (4).
Joseph is lightly wounded. (54/65) HP Joseph hits you with a +0 quarterstaff (22)!!
You sock Joseph (10)!
Joseph is moderately wounded. (44/65) HP You punch Joseph (8)!
Joseph is heavily wounded. (36/65) HP Joseph hits you with a +0 quarterstaff (21)!!
* * * LOW HITPOINT WARNING * * *
Joseph hits you with a +0 quarterstaff (21)!!
You die...

#.## #..##
#...###############
..................#
#...#########...#.#########
##)## #..........=.......#
#)# #.####...#.#######.#
#.#####.#####.##@# #.#
#.#............@.# #.#
##.#.###.##.##.#### #.#
..?..# #.##.##.# #.# ##.###
#.......# #.# #.# ####.####
#.# #.# #.# #.# #.# #.# #.#
#.# #.# #.# #.# #.# #.#


You could see Joseph.

Vanquished Creatures
  A porcupine (D:3)
  An ogre (D:3)
  A scorpion (D:3)
  A hound (D:3)
  3 orc wizards (D:3)
  5 adders
  5 worms
  3 dart slugs
  3 leopard geckos (D:1)
  8 orcs (D:3)
  An adder skeleton (D:3)
  9 bats
  3 giant cockroaches
  11 goblins
  4 hobgoblins
  3 jackals (D:2)
  4 frilled lizards
  8 kobolds
  6 rats
80 creatures vanquished.

Notes
Turn   | Place    | Note
-------+----------+-------------------------------------------
     0 | D:1      | Lanoc the Lignifite Demonspawn began the quest for the Orb.
     0 | D:1      | Reached XP level 1. HP: 12/12 MP: 4/4
    76 | D:1      | Gained mutation: You are surrounded by a mild repulsion
                  | field. (EV +2) [demonic ancestry]
    76 | D:1      | Reached XP level 2. HP: 16/19 MP: 0/6
   296 | D:1      | Reached skill level 3 in Whips & Flails
   398 | D:1      | Reached XP level 3. HP: 25/25 MP: 7/7
   976 | D:2      | Gained mutation: You are surrounded by a moderate repulsion
                  | field. (EV +3) [demonic ancestry]
   976 | D:2      | Reached XP level 4. HP: 21/30 MP: 8/8
  1701 | D:3      | Reached skill level 4 in Whips & Flails
  1701 | D:3      | Gained mutation: You regenerate a little health from kills.
                  | [demonic ancestry]
  1701 | D:3      | Reached XP level 5. HP: 33/36 MP: 1/9
  1717 | D:3      | Noticed an ogre
  1733 | D:3      | Killed an ogre
  1741 | D:3      | Reached XP level 6. HP: 13/42 MP: 0/10
  1831 | D:3      | Reached skill level 5 in Whips & Flails
  2051 | D:3      | Found a shadowy altar of Dithmenos.
  2277 | D:3      | Gained mutation: You have a pair of small horns on your
                  | head. [demonic ancestry]
  2277 | D:3      | Reached XP level 7. HP: 42/47 MP: 9/11
  2315 | D:3      | Found a stormy altar of Qazlal.
  2407 | D:4      | Noticed Joseph
  2412 | D:3      | Demolished by Joseph

Levels and vault maps discovered:
D:1:      lemuel_arrival_behind_the_door_large, layout_basic, first_ration
D:2:      layout_basic, kennysheep_nub
D:3:      layout_loops_ring, kennysheep_mini_moat,
          nicolae_dithmenos_the_darkroom
D:4:      layout_long_grid, minmay_temple_entry_tees, uniq_grum, uniq_maggie,
          uniq_joseph

Skill      XL: |  1  2  3  4  5  6 |
---------------+-------------------+-----
Whips & Flails | 3 4 5 |  5.6
Dodging        | 3 4 |  4.0
Fighting       | 3 |  3.8
Stealth        | |  1.7
Spellcasting   | |  2.1
Invocations    | |  3.0

Action                   |  1- 3 |  4- 6 |  7- 9 || total
-------------------------+-------+-------+-------++-------
Melee: Flail             |    93 |   123 |     4 ||   220
       Unarmed           |    65 |    94 |     3 ||   162
       Headbutt          |       |       |     1 ||     1
 Cast: Flame Tongue      |    32 |    55 |       ||    87
  Use: Potion            |       |     1 |     1 ||     2
 Stab: Sleeping          |     6 |     1 |       ||     7
  Eat: Chunk             |       |     4 |       ||     4
Armor: Robe              |    10 |     7 |       ||    17
Dodge: Dodged            |   132 |   138 |     3 ||   273
Block: Other             |     8 |    12 |       ||    20
